 Dungeon Crawl Stone Soup version 0.18.1-47-g9310371 (webtiles) character file.

800 Gargoyl the Covered (level 7, -1/55 HPs)
             Began as a Demonspawn Abyssal Knight on June 16, 2016.
             Was an Elder of Lugonu.
             Slain by Grinder (5 damage)
             ... on level 6 of the Dungeon.
             The game lasted 00:14:14 (3720 turns).

Gargoyl the Covered (Demonspawn Abyssal Knight)     Turns: 3720, Time: 00:14:16

Health: -1/55      AC: 16    Str: 15    XL:     7   Next: 59%
Magic:  9/9        EV:  5    Int: 13    God:    Lugonu [****..]
Gold:   373        SH:  0    Dex: 12    Spells: 0 memorised, 6 levels left

rFire  . . .     SeeInvis .     v - +0 broad axe
rCold  . . .     Gourm    .     y - +0 plate armour (curse)
rNeg   + . .     Faith    .     (no shield)
rPois  .         Spirit   .     (helmet restricted)
rElec  .         Dismiss  .     d - +2 cloak
rCorr  .         Reflect  .     (no gloves)
SustAt .         Harm     .     (no boots)
MR     .....                    (no amulet)
Stlth  ..........               p - ring of positive energy
                                A - +1 ring of protection

@: drained, invisible, not resistant to hostile enchantments, extremely
unstealthy
A: horns 2, powered by death 1, rot immunity
a: Depart the Abyss, Bend Space, Banish, Corrupt, Renounce Religion


You were on level 6 of the Dungeon.
You worshipped Lugonu.
Lugonu was greatly pleased with you.
You were not hungry.

You visited 1 branch of the dungeon, and saw 6 of its levels.
You visited the Abyss 1 time.
You also visited: Sewer.

You collected 373 gold pieces.

Inventory:

Hand Weapons
 v - a +0 broad axe (weapon)
Missiles
 f - 2 tomahawks (quivered)
Armour
 d - a +2 cloak (worn)
 y - a cursed +0 plate armour (worn)
Jewellery
 p - a ring of positive energy (right hand)
 A - a +1 ring of protection (left hand)
Scrolls
 a - a scroll of blinking {unknown}
 h - a scroll of fear {unknown}
 i - 4 scrolls of identify
 n - a scroll of enchant armour
 q - a scroll of recharging
 r - 4 scrolls of remove curse
 x - a scroll of amnesia {unknown}
 z - a scroll of random uselessness {unknown}
Potions
 b - a potion of heal wounds {unknown}
 e - 3 potions of haste {unknown}
 g - 4 potions of invisibility
 j - a potion of agility {unknown}
 l - 4 potions of curing {unknown}
 m - a potion of flight {unknown}
 s - a potion of berserk rage {unknown}
 u - a potion of cure mutation {unknown}
 w - a potion of degeneration {unknown}
Comestibles
 c - 5 bread rations
 k - 2 meat rations
 o - a slice of pizza
 t - 4 fruits


   Skills:
 + Level 4.9(4.5) Fighting
 + Level 3.5(3.1) Axes
 * Level 5.1(4.7) Armour
 + Level 3.5(3.1) Dodging
 + Level 2.7(2.3) Invocations


You had 6 spell levels left.
You didn't know any spells.

Dungeon Overview and Level Annotations

Branches:
Dungeon (6/15)
 Temple: D:4-7

Altars:
Sif Muna
Trog

Shops:
D:4 %

Annotations:
D:6 Grinder


Innate Abilities, Weirdness & Mutations

You have a pair of horns on your head.
You regenerate a little health from kills.
You are immune to rotting.


Message History

The orc warrior hits you but does no damage.
The shadow imp hits you but does no damage.
Grinder says, "DUCK!"
Grinder hits you but does no damage.
Unknown command.
Press: ? - help, Shift-Dir - straight line, f - Grinder
Aim: Grinder (chance to defeat MR: 81%)
You fail to use your ability.
The orc warrior hits you with a long sword!
* * * LOW HITPOINT WARNING * * *
The shadow imp barely misses you. Grinder hits you but does no damage.
Drink which item? (? for menu, Esc to quit)
It was a potion of invisibility.
You fade into invisibility!
The orc warrior hits you with a long sword.
* * * LOW HITPOINT WARNING * * *
The shadow imp shouts, "Flee, thou artless ditch-delivered simpleton!"
The shadow imp hits you but does no damage.
Grinder hits you.
You die...

##########
...[.....###
♣.........
♣.....5.###
♣..o.5@...#
♣.♣♣♣..o.#.#
♣.....#
♣%.....#
.....####
♣♣♣..# ♣♣.
♣♣


You could see Grinder, an orc warrior, a shadow imp and an orc.

Vanquished Creatures
  A phantom (D:4)
  2 giant frogs (Sewer)
  A scorpion (D:4)
  A crimson imp (D:4)
  An orc priest (D:3)
  A hound (D:5)
  A giant frog skeleton (D:4)
  Jessica (D:2)
  3 worker ants (D:4)
  A hound skeleton (D:4)
  3 gnolls (D:4)
  9 adders
  8 oozes (Sewer)
  5 worms
  2 dart slugs
  9 giant geckos
  6 orcs
  13 ball pythons (Sewer)
  15 giant cockroaches
  4 goblins
  10 hobgoblins
  4 kobolds
  A quokka (D:3)
  11 bats
  17 giant newts
  A jackal skeleton (D:4)
  A quokka skeleton (D:4)
  12 rats
144 creatures vanquished.

Notes
Turn   | Place    | Note
--------------------------------------------------------------
     0 | Abyss:1  | Gargoyl the Demonspawn Abyssal Knight began the quest for the Orb.
     0 | Abyss:1  | Reached XP level 1. HP: 18/18 MP: 2/2
    44 | Abyss:1  | Found a corrupted altar of Lugonu.
   162 | Abyss:2  | Noticed a small abomination
   203 | Abyss:2  | Noticed a large abomination
   216 | D:1      | Escaped the Abyss
   323 | D:1      | Reached skill level 1 in Dodging
   386 | D:1      | Reached * piety under Lugonu
   386 | D:1      | Reached skill level 2 in Armour
   386 | D:1      | Gained mutation: You regenerate a little health from kills. [demonic ancestry]
   386 | D:1      | Reached XP level 2. HP: 17/24 MP: 3/3
   947 | D:2      | Noticed Jessica
   960 | D:2      | Killed Jessica
   960 | D:2      | Reached XP level 3. HP: 28/29 MP: 5/5
  1206 | D:2      | Reached ** piety under Lugonu
  1255 | D:2      | Reached skill level 3 in Armour
  1302 | D:2      | Gained mutation: You are immune to rotting. [demonic ancestry]
  1302 | D:2      | Reached XP level 4. HP: 33/36 MP: 6/6
  1816 | D:3      | Reached XP level 5. HP: 39/42 MP: 7/7
  2044 | D:3      | Found a deep blue altar of Sif Muna.
  2101 | D:3      | Found a bloodstained altar of Trog.
  2181 | D:3      | Reached *** piety under Lugonu
  2233 | D:3      | Found a glowing drain.
  2253 | Sewer    | Entered a sewer
  2300 | Sewer    | Reached skill level 4 in Armour
  2473 | Sewer    | Reached **** piety under Lugonu
  2514 | Sewer    | Gained mutation: You have a pair of small horns on your head. [demonic ancestry]
  2514 | Sewer    | Reached XP level 6. HP: 48/48 MP: 8/8
  2837 | D:4      | Found Plog's Food Boutique.
  3065 | D:4      | Gained mutation: You have a pair of horns on your head. [demonic ancestry]
  3065 | D:4      | Reached XP level 7. HP: 39/55 MP: 9/9
  3422 | D:4      | Reached skill level 5 in Armour
  3578 | D:5      | Entered Level 5 of the Dungeon
  3716 | D:6      | Noticed Grinder
  3720 | D:6      | Slain by Grinder

Skill      XL: |  1  2  3  4  5  6  7 |
---------------+----------------------+-----
Dodging        | 1 2 3 |  3.5
Armour         | 2 3 4 5 |  5.1
Axes           | 2 3 |  3.5
Fighting       | 4 |  4.9
Invocations    | |  2.7

Action                   |  1- 3 |  4- 6 |  7- 9 || total
-------------------------+-------+-------+-------++-------
Melee: Hand axe          |   113 |   123 |       ||   236
       Broad axe         |       |   255 |   111 ||   366
       Headbutt          |       |    11 |    19 ||    30
Invok: Depart the Abyss  |     1 |       |       ||     1
  Use: Scroll            |     5 |     2 |       ||     7
       Potion            |       |       |     1 ||     1
  Eat: Chunk             |     2 |     7 |     2 ||    11
Armor: Leather armour    |     6 |       |       ||     6
       Ring mail         |    47 |   310 |       ||   357
       Scale mail        |       |     4 |    56 ||    60
       Plate armour      |       |       |    20 ||    20
Dodge: Dodged            |    61 |   332 |    70 ||   463
